TOP OF THE 1ST |
State College Spikes batting - Pitching for Montgomery Grey Sox : RHP Mark Phillips
|
Pitching: RHP Mark Phillips
|
|
Batting: LHB William Mitchell
|
0-0: Ball 1-0: Ball 2-0: Called Strike 2-1: DOUBLE (Flyball, 8LD)
|
Batting: LHB Ángel Figueiedo
|
0-0: Ball 1-0: Called Strike 1-1: Foul Ball, location: 2F 1-2: Ball 2-2: Fly out, F4 (Popup, 13)
|
Batting: RHB Iván Romero
|
0-0: Ball 1-0: Called Strike 1-1: Foul Ball, location: 2F 1-2: Fly out, F4 (Popup, 4MS)
|
Batting: RHB Daniel Martínez
|
0-0: Swinging Strike 0-1: Fly out, F8 (Flyball, 89M)
|
Top of the 1st over - 0 runs, 1 hit, 0 errors, 1 left on base; State College 0 - Montgomery 0 |
BOTTOM OF THE 1ST |
Montgomery Grey Sox batting - Pitching for State College Spikes : LHP José Leyva
|
Pitching: LHP José Leyva
|
|
Batting: RHB Norman Hopkins
|
0-0: Ball 1-0: Called Strike 1-1: Ball 2-1: Foul Ball, location: 2F 2-2: Strikes out looking
|
Batting: RHB Randall James
|
0-0: Called Strike 0-1: Ball 1-1: Foul Ball, location: 2F 1-2: Ball 2-2: Strikes out looking
|
Batting: RHB Marvin Kidd
|
0-0: Ball 1-0: Called Strike 1-1: Swinging Strike 1-2: Ball 2-2: Fly out, F5 (Line Drive, 5)
|
Bottom of the 1st over - 0 runs, 0 hits, 0 errors, 0 left on base; State College 0 - Montgomery 0 |
TOP OF THE 2ND |
State College Spikes batting - Pitching for Montgomery Grey Sox : RHP Mark Phillips
|
Batting: RHB Victor Gilbert
|
0-0: Ball 1-0: Foul Ball, location: 2F 1-1: Swinging Strike 1-2: Strikes out looking
|
Batting: RHB Mike Hurt
|
0-0: Foul Ball, location: 2F 0-1: Ball 1-1: DOUBLE (Line Drive, 78D)
|
Batting: RHB Jorge Molina
|
0-0: Ball 1-0: SINGLE (Line Drive, 5D) Mike Hurt to third Runner from 3rd tries for Home, throw and OUT!
|
Batting: RHB Héctor Villarreal
|
0-0: Called Strike 0-1: Swinging Strike 0-2: Ball 1-2: Ball Jorge Molina steals 2nd base 2-2: Strikes out looking
|
Top of the 2nd over - 0 runs, 2 hits, 0 errors, 1 left on base; State College 0 - Montgomery 0 |
BOTTOM OF THE 2ND |
Montgomery Grey Sox batting - Pitching for State College Spikes : LHP José Leyva
|
Batting: RHB Luis Pineda
|
0-0: Ball 1-0: Ball 2-0: Ground out 4-3 (Groundball, 4)
|
Batting: RHB Dave McGuire
|
0-0: Called Strike 0-1: Fly out, F8 (Flyball, 8LD)
|
Batting: RHB Greg Williams
|
0-0: SINGLE (Flyball, 7LM)
|
Pitching: RHP Lou Hawkins
|
|
Batting: RHB Julius Farmer
|
0-0: Ball 1-0: Foul Ball, location: 2F 1-1: Called Strike 1-2: Ball 2-2: Foul Ball, location: 2F 2-2: Ball 3-2: Foul Ball, location: 2F 3-2: Strikes out swinging
|
Bottom of the 2nd over - 0 runs, 1 hit, 0 errors, 1 left on base; State College 0 - Montgomery 0 |
TOP OF THE 3RD |
State College Spikes batting - Pitching for Montgomery Grey Sox : RHP Mark Phillips
|
Batting: RHB Gustavo Martínez
|
0-0: Called Strike 0-1: SINGLE (Line Drive, 3)
|
Batting: LHB William Mitchell
|
0-0: Ball 1-0: Ground out 4-3 (Groundball, 4S) Gustavo Martínez to second
|
Batting: LHB Ángel Figueiedo
|
0-0: SINGLE (Groundball, 34D) Gustavo Martínez to third Runner from 3rd tries for Home, SAFE, throw made home
|
Batting: RHB Iván Romero
|
0-0: Ball 1-0: Ball 2-0: Fly out, F7 (Line Drive, 7LD) Runner from 1st tags up, SAFE at 2nd
|
Now in LF: Marcos Féliz
|
|
Batting: RHB Daniel Martínez
|
0-0: Ball 1-0: Swinging Strike Balk! Ángel Figueiedo to third 1-1: Foul Ball, location: 2F 1-2: Ball 2-2: Foul Ball, location: 2F 2-2: Ground out 5-3 (Groundball, 56S)
|
Top of the 3rd over - 1 run, 2 hits, 0 errors, 1 left on base; State College 1 - Montgomery 0 |
BOTTOM OF THE 3RD |
Montgomery Grey Sox batting - Pitching for State College Spikes : RHP Lou Hawkins
|
Batting: LHB José Castillo
|
0-0: Called Strike 0-1: Swinging Strike 0-2: Fly out, F3 (Line Drive, 34S)
|
Batting: RHB Joe LaFontaine
|
0-0: Ground out 6-3 (Groundball, 6)
|
Batting: RHB Norman Hopkins
|
0-0: Ground out 5-3 (Groundball, 56)
|
Bottom of the 3rd over - 0 runs, 0 hits, 0 errors, 0 left on base; State College 1 - Montgomery 0 |
TOP OF THE 4TH |
State College Spikes batting - Pitching for Montgomery Grey Sox : RHP Mark Phillips
|
Batting: RHB Victor Gilbert
|
0-0: Ball 1-0: Swinging Strike 1-1: Foul Ball, location: 2F 1-2: Ball 2-2: Ground out 1-3 (Groundball, 13S)
|
Batting: RHB Mike Hurt
|
0-0: Ball 1-0: Called Strike 1-1: Foul Ball, location: 2F 1-2: SINGLE (Line Drive, 3D)
|
Batting: RHB Jorge Molina
|
0-0: Called Strike 0-1: Swinging Strike 0-2: Ball 1-2: Ball 2-2: Fly out, F7 (Flyball, 78M)
|
Batting: RHB Héctor Villarreal
|
0-0: Fly out, F5 (Line Drive, 56)
|
Top of the 4th over - 0 runs, 1 hit, 0 errors, 1 left on base; State College 1 - Montgomery 0 |
BOTTOM OF THE 4TH |
Montgomery Grey Sox batting - Pitching for State College Spikes : RHP Lou Hawkins
|
Batting: RHB Randall James
|
0-0: Called Strike 0-1: Called Strike 0-2: Foul Ball, location: 2F 0-2: Ball 1-2: Ball 2-2: Ball 3-2: Strikes out swinging
|
Batting: RHB Marvin Kidd
|
0-0: Foul Ball, location: 2F 0-1: Called Strike 0-2: Ball 1-2: Strikes out looking
|
Batting: LHB Marcos Féliz
|
0-0: Called Strike 0-1: Called Strike 0-2: Strikes out swinging
|
Bottom of the 4th over - 0 runs, 0 hits, 0 errors, 0 left on base; State College 1 - Montgomery 0 |
TOP OF THE 5TH |
State College Spikes batting - Pitching for Montgomery Grey Sox : RHP Mark Phillips
|
Batting: RHB Gustavo Martínez
|
0-0: Ball 1-0: Swinging Strike 1-1: Fly out, F8 (Flyball, 8LS)
|
Batting: LHB William Mitchell
|
0-0: Ground out 6-3 (Groundball, 6)
|
Batting: LHB Ángel Figueiedo
|
0-0: Called Strike 0-1: Foul Ball, location: 2F 0-2: Fly out, F1 (Popup, 15)
|
Top of the 5th over - 0 runs, 0 hits, 0 errors, 0 left on base; State College 1 - Montgomery 0 |
BOTTOM OF THE 5TH |
Montgomery Grey Sox batting - Pitching for State College Spikes : RHP Lou Hawkins
|
Batting: RHB Dave McGuire
|
0-0: Ball 1-0: Ball 2-0: Called Strike 2-1: Called Strike 2-2: SINGLE (Flyball, 9S)
|
Batting: RHB Greg Williams
|
0-0: Swinging Strike 0-1: Fly out, F3 (Popup, 34S)
|
Batting: RHB Julius Farmer
|
0-0: Called Strike 0-1: Ball 1-1: Ball 2-1: Ball 3-1: Called Strike 3-2: Foul Ball, location: 2F 3-2: Fly out, F9 (Flyball, 9LMF)
|
Batting: LHB José Castillo
|
0-0: Called Strike 0-1: Ball 1-1: 2-RUN HOME RUN (Line Drive, 9D), Distance : 373 ft
|
Batting: RHB Joe LaFontaine
|
0-0: Swinging Strike 0-1: Called Strike 0-2: Foul Ball, location: 2F 0-2: Ball 1-2: Strikes out looking
|
Bottom of the 5th over - 2 runs, 2 hits, 0 errors, 0 left on base; State College 1 - Montgomery 2 |
TOP OF THE 6TH |
State College Spikes batting - Pitching for Montgomery Grey Sox : RHP Mark Phillips
|
Batting: RHB Iván Romero
|
0-0: Ball 1-0: Swinging Strike 1-1: Foul Ball, location: 2F 1-2: Fly out, F9 (Flyball, 89S)
|
Batting: RHB Daniel Martínez
|
0-0: Foul Ball, location: 2F 0-1: Ball 1-1: Fly out, F8 (Flyball, 89D)
|
Batting: RHB Victor Gilbert
|
0-0: Foul Ball, location: 2F 0-1: Ball 1-1: Swinging Strike 1-2: Ball 2-2: Foul Ball, location: 2F 2-2: Strikes out swinging
|
Top of the 6th over - 0 runs, 0 hits, 0 errors, 0 left on base; State College 1 - Montgomery 2 |
BOTTOM OF THE 6TH |
Montgomery Grey Sox batting - Pitching for State College Spikes : RHP Lou Hawkins
|
Pitching: RHP Nelson Rivera
|
|
Batting: RHB Norman Hopkins
|
0-0: Ball 1-0: Fly out, F9 (Flyball, 9)
|
Batting: RHB Randall James
|
0-0: Fly out, F9 (Line Drive, 9)
|
Batting: RHB Marvin Kidd
|
0-0: Ball 1-0: Foul Ball, location: 2F 1-1: Swinging Strike 1-2: Fly out, F7 (Flyball, 7)
|
Bottom of the 6th over - 0 runs, 0 hits, 0 errors, 0 left on base; State College 1 - Montgomery 2 |
TOP OF THE 7TH |
State College Spikes batting - Pitching for Montgomery Grey Sox : RHP Mark Phillips
|
Batting: RHB Mike Hurt
|
0-0: Ball 1-0: Ball 2-0: Foul Ball, location: 2F 2-1: Foul Ball, location: 2F 2-2: Strikes out swinging
|
Batting: RHB Jorge Molina
|
0-0: Ball 1-0: Foul Ball, location: 2F 1-1: Fly out, F9 (Flyball, 9LSF)
|
Batting: RHB Héctor Villarreal
|
0-0: Ball 1-0: Called Strike 1-1: Swinging Strike 1-2: Strikes out swinging
|
Top of the 7th over - 0 runs, 0 hits, 0 errors, 0 left on base; State College 1 - Montgomery 2 |
BOTTOM OF THE 7TH |
Montgomery Grey Sox batting - Pitching for State College Spikes : RHP Nelson Rivera
|
Batting: LHB Marcos Féliz
|
0-0: Foul Ball, location: 2F 0-1: Ball 1-1: Ball 2-1: Ball 3-1: Base on Balls
|
Batting: RHB Dave McGuire
|
0-0: Ball Marcos Féliz is caught stealing 2nd base 1-0: Ball 2-0: Called Strike 2-1: Swinging Strike 2-2: Ball 3-2: Ground out U3 (Groundball, 34)
|
Batting: RHB Greg Williams
|
0-0: Ball 1-0: Ground out 4-3 (Groundball, 4S)
|
Bottom of the 7th over - 0 runs, 0 hits, 0 errors, 0 left on base; State College 1 - Montgomery 2 |
TOP OF THE 8TH |
State College Spikes batting - Pitching for Montgomery Grey Sox : RHP Mark Phillips
|
Batting: RHB Gustavo Martínez
|
0-0: Fly out, F8 (Flyball, 8LD)
|
Batting: LHB William Mitchell
|
0-0: Ground out 1-3 (Groundball, P)
|
Batting: LHB Ángel Figueiedo
|
0-0: Ball 1-0: Ball 2-0: Called Strike 2-1: Swinging Strike 2-2: Ball 3-2: Fly out, F9 (Flyball, 9LD)
|
Top of the 8th over - 0 runs, 0 hits, 0 errors, 0 left on base; State College 1 - Montgomery 2 |
BOTTOM OF THE 8TH |
Montgomery Grey Sox batting - Pitching for State College Spikes : RHP Nelson Rivera
|
Batting: RHB Julius Farmer
|
0-0: Called Strike 0-1: Ball 1-1: Ball 2-1: Foul Ball, location: 2F 2-2: Foul Ball, location: 2F 2-2: Ball 3-2: Strikes out swinging
|
Batting: LHB José Castillo
|
0-0: Ball 1-0: Ball 2-0: Ball 3-0: Base on Balls
|
Pinch Hitting: RHB Andrew Lewis
|
0-0: Called Strike José Castillo steals 2nd base 0-1: Ball 1-1: Intentional Walk
|
Pinch Hitting: LHB Juan Sánchez
|
0-0: Ball José Castillo steals 3rd base 1-0: Swinging Strike 1-1: SINGLE (Line Drive, 89S) José Castillo scores Andrew Lewis to second
|
Batting: RHB Randall James
|
0-0: Ball 1-0: Ball 2-0: Ball 3-0: Swinging Strike 3-1: Called Strike 3-2: Strikes out looking
|
Batting: RHB Marvin Kidd
|
0-0: Called Strike 0-1: Swinging Strike 0-2: Ball 1-2: Ball 2-2: SINGLE (Flyball, 8RS) Andrew Lewis to third Juan Sánchez to second Runner from 3rd tries for Home, SAFE, throw made home
|
Pitching: RHP Greg Ward
|
|
Batting: LHB Marcos Féliz
|
0-0: Called Strike 0-1: Fly out, F9 (Line Drive, 9S)
|
Bottom of the 8th over - 2 runs, 2 hits, 0 errors, 2 left on base; State College 1 - Montgomery 4 |
TOP OF THE 9TH |
State College Spikes batting - Pitching for Montgomery Grey Sox : RHP Mark Phillips
|
Now at 2B: Alberto García
|
|
Now at 3B: Andrew Lewis
|
|
Batting: RHB Iván Romero
|
0-0: Swinging Strike 0-1: Swinging Strike 0-2: Strikes out swinging
|
Batting: RHB Daniel Martínez
|
0-0: Swinging Strike 0-1: Swinging Strike 0-2: Strikes out looking
|
Batting: RHB Victor Gilbert
|
0-0: SINGLE (Groundball, 34D)
|
Batting: RHB Mike Hurt
|
0-0: Called Strike 0-1: Swinging Strike 0-2: Ball 1-2: Ball 2-2: Ball 3-2: Fly out, F8 (Line Drive, 8RD)
|
Top of the 9th over - 0 runs, 1 hit, 0 errors, 1 left on base; State College 1 - Montgomery 4 |
|